 Dungeon Crawl Stone Soup version 0.25.0-37-gb73750e0fb (webtiles) character file.

Game seed: 6580293566742213607

5 ANON1729 the Skirmisher (level 1, -13/18 HPs)
             Began as a Formicid Abyssal Knight on July 9, 2020.
             Was a Follower of Lugonu.
             Mangled by a spatial maelstrom (15 damage)
             ... on level 1 of the Abyss.
             The game lasted 00:01:26 (321 turns).

ANON1729 the Skirmisher (Formicid Abyssal Knight)    Turns: 321, Time: 00:01:27

Health: -13/18     AC:  3    Str: 16    XL:     1   Next: 88%
Magic:  2/2        EV: 11    Int: 11    God:    Lugonu [*.....]
Gold:   14         SH:  0    Dex: 10    Spells: 0/0 levels left

rFire    . . .     SeeInvis +   a - +1 short sword
rCold    . . .     Gourm    .   (no shield)
rNeg     . . .     Faith    .   b - +0 leather armour
rPois    .         Spirit   .   (helmet unavailable)
rElec    .         Reflect  .   (no cloak)
rCorr    .         Harm     .   (no gloves)
MR       .....                  (no boots)
Stlth    +.........             (no amulet)
HPRegen  0.06/turn              (no ring)
MPRegen  0.08/turn              (no ring)

@: no status effects
A: permanent stasis, dig shafts and tunnels, four strong arms, antennae 3
a: Dig, Shaft Self, Depart the Abyss, Renounce Religion


You were on level 1 of the Abyss.
You worshipped Lugonu.
Lugonu was aware of your devotion.
You were not hungry.

You visited 0 branches of the dungeon, and saw 0 of its levels.
You visited the Abyss 1 time.

You collected 14 gold pieces.

Inventory:

Hand Weapons
 a - a +1 short sword (weapon)
Missiles
 d - 13 stones (quivered)
Armour
 b - a +0 leather armour (worn)
Jewellery
 f - an uncursed amulet of guardian spirit {unknown}
Scrolls
 g - a scroll of immolation {unknown}
Potions
 e - a potion of might {unknown}
Comestibles
 c - a ration


   Skills:
 + Level 3.3 Fighting
 + Level 2.1 Short Blades
 + Level 2.3 Armour
 + Level 1.0 Dodging
 + Level 2.3 Invocations


You couldn't memorise any spells.
You didn't know any spells.
Your spell library was empty.

Dungeon Overview and Level Annotations

Branches:
Dungeon (0/15)

Altars:


Innate Abilities, Weirdness & Mutations

You cannot be hasted, slowed, berserked, paralysed or teleported.
You can dig through walls and to a lower floor.
Your four strong arms can wield two-handed weapons with a shield.
You have a pair of large antennae on your head. (SInv)


Message History

The rakshasa barely misses you.
A chaos spawn comes into view.
The chaos spawn bellows!
The rakshasa weaves an illusion.
Found a small beryl amulet.
Found a scroll labeled HAONNA VAAW.
The rakshasa weaves an illusion.
The chaos spawn shimmers and seems to become two!
You see here a small beryl amulet.
f - a small beryl amulet A spatial vortex and a spatial maelstrom come into view.
You see here a scroll labeled HAONNA VAAW.
g - a scroll labeled HAONNA VAAW A spatial vortex comes into view.
The spatial maelstrom hits you!
Ouch! That really hurt!
* * * LOW HITPOINT WARNING * * *
Space warps horribly around you!
Ouch! That really hurt!
You die...

..... #. .#..# .
..#.#. ..... ...# .
#..## { . ###v.v#####
.# #...@#X.#.#### .#
#...##.#{{....##.##..
...## #..4#4#...... #
. ##....4.ยง.# .#
#...#.##4## ...
#..#..#.#.##. ..
..####.##..4...# ###
# ##..#....## ##.
.#.{ .#..#


You could see a spatial maelstrom, a spatial vortex (wandering) and a chaos
spawn.

Vanquished Creatures
  An ufetubus (Abyss:1)
1 creature vanquished.

Notes
Turn   | Place    | Note
-------+----------+-------------------------------------------
     0 | Abyss:1  | ANON1729 the Formicid Abyssal Knight began the quest for
                  | the Orb.
     0 | Abyss:1  | Reached XP level 1. HP: 18/18 MP: 2/2
   148 | Abyss:1  | Reached skill level 1 in Dodging
   175 | Abyss:1  | Found a corrupted altar of Lugonu.
   262 | Abyss:1  | Noticed a rakshasa
   281 | Abyss:1  | Noticed a chaos spawn
   313 | Abyss:1  | Noticed a large abomination
   319 | Abyss:1  | Noticed a spatial maelstrom
   319 | Abyss:1  | Noticed a spatial vortex
   321 | Abyss:1  | Noticed a spatial vortex
   321 | Abyss:1  | Mangled by a spatial maelstrom

Illustrated notes

Levels and vault maps discovered:
Abyss:1:  hangedman_cross_veins

Skill      XL: |  1 |
---------------+----+-----
Dodging        | 1 |  1.0
Fighting       | |  3.3
Short Blades   | |  2.1
Armour         | |  2.3
Invocations    | |  2.3

Action                   || total
-------------------------++-------
Melee: Short sword       ||     5
Armor: Leather armour    ||     4
Dodge: Dodged            ||     8
